 Dungeon Crawl Stone Soup version 0.32-a0-986-ga09f62fbf4 (webtiles) character file.

Game seed: 10474642481140198396

1744456 Berder the Infernalist (level 27, 251/251 HPs)
             Began as a Naga Fire Elementalist on Apr 18, 2024.
             Was the Champion of Vehumet.
             Escaped with the Orb
             ... and 3 runes on Apr 22, 2024!
             The game lasted 03:47:00 (66736 turns).

Berder the Infernalist (Naga Fire Elementalist)    Turns: 66736, Time: 03:47:01

Health: 251/251    AC: 38    Str: 15    XL:     27
Magic:  47/47      EV:  6    Int: 31    God:    Vehumet [******]
Gold:   5876       SH: 13    Dex: 21    Spells: 8/66 levels left

rFire   + + +        u - +3 Elemental Staff {ele, rElec rF+ rC+ AC+3}
rCold   + + +        R - +0 kite shield {rC+}
rNeg    . . .        G - +4 steam dragon scales
rPois   +            t - +3 crown of Dyrovepreva {rElec Int+2 SInv}
rElec   +            V - +0 cloak of a treasure trove {Str+3 Int+4}
rCorr   .            v - +3 pair of gloves "Zuches" {Rampage Slay+2}
SInv    +            J - +4 barding
Will    ++++.        D - amulet "Silal" {rF++ rC+ RegenMP+}
Stlth   ++           b - ring of fire
HPRegen 0.61/turn    P - ring of Sophism {^Contam rF+ rC+ Will+ Dex+6}
MPRegen 0.70/turn

%: random rage (3%), rampage
@: studying 4 skills, very slow
A: AC +9, large, see invisible, deformed body, poison resistance, slowness 2,
spit poison 1, naga tail 2, camouflage 1, berserk 1, deterioration 1, robust 1,
heat vulnerability 1, inability to read after injury 1
0: Orb of Zot
}: 3/15 runes: decaying, silver, gossamer
a: Spit Poison, Renounce Religion


You escaped.
You worshipped Vehumet.
Vehumet was exalted by your worship.
You visited 10 branches of the dungeon, and saw 48 of its levels.
You also visited: Sewer, Ice Cave and Desolation.

You collected 8660 gold pieces.
You spent 2784 gold pieces at shops.

Inventory:

Hand Weapons
 u - the +3 Elemental Staff (weapon) {ele, rElec rF+ rC+ AC+3}
   (You found it on level 2 of the Lair of Beasts)

   AC+3:      It affects your AC (+3).
   rF+:       It protects you from fire.
   rC+:       It protects you from cold.
   rElec:     It insulates you from electricity.
Armour
 t - the +3 crown of Dyrovepreva (worn) {rElec Int+2 SInv}
   (You found it on level 3 of the Elven Halls)

   Int+2:     It affects your intelligence (+2).
   rElec:     It insulates you from electricity.
   SInv:      It lets you see invisible.
 v - the +3 pair of gloves "Zuches" (worn) {Rampage Slay+2}
   (You bought it in a shop on level 1 of the Dungeon)

   Slay+2:    It affects your accuracy & damage with ranged weapons and melee
   (+2).
   Rampage:   It bestows one free step when moving towards enemies.
 G - +4 steam dragon scales (worn)
 J - a +4 barding (worn)
 R - a +0 kite shield of cold resistance (worn)
 V - the +0 cloak of a treasure trove (worn) {Str+3 Int+4}
   (You found it on level 5 of the Vaults)

   Str+3:     It affects your strength (+3).
   Int+4:     It affects your intelligence (+4).
 Z - a +1 buckler of cold resistance
Magical Staves
 c - a staff of conjuration
 r - a staff of air
Jewellery
 b - a ring of fire (left hand)
 e - the amulet of the Four Winds {rN+ Will+++ Clar}
   (You took it off an ogre mage on level 5 of the Vaults)

   [amulet of nothing]

   rN+:       It protects you from negative energy.
   Will+++:   It greatly increases your willpower.
   Clar:      It protects you from confusion, rage, mesmerisation and fear.
 g - the ring "Dejy" {rPois rC+++ MP+9 Dex+3}
   (You took it off a deep elf annihilator on level 3 of the Elven Halls)

   [ring of magical power]

   Dex+3:     It affects your dexterity (+3).
   rC+++:     It renders you almost immune to cold.
   rPois:     It protects you from poison.
   MP+9:      It affects your magic capacity (+9).
 k - a ring of magical power
 m - an amulet of regeneration
 D - the amulet "Silal" (around neck) {rF++ rC+ RegenMP+}
   (You took it off an imperial myrmidon in the Desolation of Salt)

   [amulet of magic regeneration]

   It increases your rate of magic regeneration.
   rF++:      It greatly protects you from fire.
   rC+:       It protects you from cold.
   RegenMP+:  It increases your rate of magic regeneration.
 E - a ring of magical power
 K - a +6 ring of intelligence
 P - the ring of Sophism (right hand) {^Contam rF+ rC+ Will+ Dex+6}
   (You found it in an ice cave)

   [ring of dexterity]

   Dex+6:     It affects your dexterity (+6).
   rF+:       It protects you from fire.
   rC+:       It protects you from cold.
   Will+:     It increases your willpower.
   ^Contam:   It causes magical contamination when unequipped.
 Q - the ring "Anyz" {rF+ rCorr Str-2 Dex+2 Stlth+}
   (You found it in the Desolation of Salt)

   [ring of protection from fire]

   Str-2:     It affects your strength (-2).
   Dex+2:     It affects your dexterity (+2).
   rF+:       It protects you from fire.
   rCorr:     It protects you from acid and corrosion.
   Stlth+:    It makes you more stealthy.
Wands
 a - a wand of paralysis (43)
 w - a wand of warping (68)
 y - a wand of flame (126)
 C - a wand of mindburst (35)
 I - a wand of digging (9)
 M - a wand of light (18)
Scrolls
 f - 5 scrolls of fog
 i - 6 scrolls of teleportation
 n - 13 scrolls of immolation
 o - 4 scrolls of fear
 p - 9 scrolls of revelation
 z - 4 scrolls of butterflies
 A - 4 scrolls of amnesia
 F - 3 scrolls of vulnerability
 L - 8 scrolls of poison
 W - 2 scrolls of blinking
Potions
 d - 6 potions of haste
 h - 5 potions of ambrosia
 l - 7 potions of heal wounds
 H - 18 potions of curing
 N - 4 potions of might
 S - 2 potions of invisibility
 T - 10 potions of enlightenment
 U - 8 potions of resistance
 X - 9 potions of brilliance
 Y - 3 potions of mutation
Miscellaneous
 s - a phial of floods (inert)
 x - a lightning rod (4/4)
 B - a box of beasts


   Skills:
 - Level 10.3 Fighting
 - Level 8.7 Armour
 - Level 1.5 Dodging
 - Level 3.0 Stealth
 - Level 12.0 Shields
 - Level 20.0 Spellcasting
 O Level 27 Conjurations
 - Level 5.0 Translocations
 O Level 27 Fire Magic
 + Level 11.4 Alchemy


You had 8 spell levels left.
You knew the following spells:

 Your Spells              Type           Power      Damage    Failure   Level
a - Scorch                Fire           100%       2d9       0%          2
b - Foxfire               Conj/Fire      100%       2x1d9     0%          1
c - Flame Wave            Conj/Fire      100%       2d21      0%          4
d - Iskenderun's Mystic   Conj/Tloc      92%        2d18      (+2d11%     4
e - Starburst             Conj/Fire      82%        6d21      0%          6
f - Ignition              Fire           82%        3d21      1%          8
g - Fire Storm            Conj/Fire      82%        8d21      1%          9
h - Orb of Destruction    Conj           57%        9d14      1%          7
i - Fulsome Fusillade     Conj/Alch      50%        (3-5)d15  1%          8
j - Passage of Golubria   Tloc           58%        N/A       3%          4
k - Freezing Cloud        Conj/Ice/Air   57%        6-21      1%          5

Your spell library contained the following spells:

 Spells                   Type           Power      Damage    Failure   Level
 Maxwell's Capacitive Co  Air            23%        ∞         100%        8
 Shock                    Conj/Air       100%       1d9       0%          1
 Sting                    Conj/Alch      100%       1d9       0%          1
 Searing Ray              Conj           100%       2d8       0%          2
 Static Discharge         Conj/Air       100%       3-8/arc   0%          2
 Volatile Blastmotes      Fire/Tloc      100%       2d18      0%          3
 Fulminant Prism          Conj/Alch      50%        3d23      0%          4
 Ignite Poison            Fire/Alch      100%       N/A       0%          4
 Sticky Flame             Fire/Alch      100%       2d15      0%          4
 Fireball                 Conj/Fire      82%        3d30      0%          5
 Apportation              Tloc           100%       N/A       1%          1
 Sandblast                Erth           92%        2d19      1%          1
 Blink                    Tloc           100%       N/A       1%          2
 Cigotuvi's Dreadful Rot  Necr/Alch/Air  100%       N/A       1%          2
 Mercury Vapours          Alch/Air       100%       N/A       1%          2
 Dazzling Flash           Conj/Hex       100%       N/A       1%          3
 Hailstorm                Conj/Ice       100%       3d16      1%          3
 Inner Flame              Hex/Fire       100%       N/A       1%          3
 Mephitic Cloud           Conj/Alch/Air  100%       N/A       1%          3
 Stone Arrow              Conj/Erth      100%       3d13      1%          3
 Teleport Other           Tloc           58%        N/A       1%          3
 Olgreb's Toxic Radiance  Alch           80%        N/A       1%          4
 Summon Blazeheart Golem  Fire/Summ      100%       N/A       1%          4
 Alistair's Intoxication  Alch           53%        N/A       1%          5
 Irradiate                Conj/Alch      50%        3d28      1%          5
 Bombard                  Conj/Erth      53%        9d9       1%          6
 Plasma Beam              Fire/Air       78%        2x1d95    1%          6
 Necrotise                Necr           100%       1d9       2%          1
 Slow                     Hex            100%       N/A       2%          1
 Leda's Liquefaction      Alch/Erth      39%        N/A       2%          4
 Petrify                  Alch/Erth      79%        N/A       2%          4
 Spellforged Servitor     Conj/Summ      42%        N/A       2%          7
 Call Imp                 Summ           62%        N/A       3%          2
 Jinxbite                 Hex            62%        N/A       3%          2
 Sublimation of Blood     Necr           31%        N/A       3%          2
 Call Canine Familiar     Summ           31%        N/A       7%          3
 Confusing Touch          Hex            31%        N/A       7%          3
 Fugue of the Fallen      Necr           31%        N/A       7%          3
 Ozocubu's Armour         Ice            46%        N/A       7%          3
 Passwall                 Erth           46%        N/A       7%          3
 Sigil of Binding         Hex            31%        N/A       7%          3
 Summon Ice Beast         Ice/Summ       46%        N/A       7%          3
 Swiftness                Air            46%        N/A       7%          3
 Vampiric Draining        Necr           31%        2d8       7%          3
 Airstrike                Air            23%        2d(4-20)  7%          4
 Dimensional Bullseye     Hex/Tloc       23%        N/A       9%          4
 Vhi's Electric Charge    Tloc/Air       100%       N/A       9%          4
 Lehudib's Crystal Spear  Conj/Erth      53%        10d13     16%         8
 Anguish                  Hex/Necr       15%        N/A       24%         4
 Cause Fear               Hex            15%        N/A       24%         4
 Martyr's Knell           Necr/Summ      31%        N/A       24%         4
 Summon Forest            Summ/Tloc      23%        N/A       24%         5
 Sculpt Simulacrum        Ice/Alch       39%        N/A       34%         6
 Dispersal                Tloc           29%        N/A       43%         6
 Gell's Gavotte           Tloc           29%        2d(24-36) 43%         6
 Metabolic Englaciation   Hex/Ice        23%        N/A       54%         5
 Silence                  Hex/Air        23%        N/A       54%         5
 Summon Mana Viper        Hex/Summ       31%        N/A       54%         5
 Permafrost Eruption      Ice/Erth       31%        2x4d8     63%         6
 Manifold Assault         Tloc           29%        N/A       95%         7
 Summon Cactus Giant      Summ           15%        N/A       98%         6
 Enfeeble                 Hex            15%        N/A       100%        7
 Summon Hydra             Summ           15%        N/A       100%        7
 Discord                  Hex            15%        N/A       100%        8
 Disjunction              Tloc           29%        N/A       100%        8
 Death's Door             Necr           15%        N/A       100%        9
 Dragon's Call            Summ           15%        N/A       100%        9


Dungeon Overview and Level Annotations

Branches:
Dungeon (15/15)            Temple (1/1) D:5            Lair (5/5) D:9
  Swamp (4/4) Lair:2       Spider (4/4) Lair:3        Slime (0/5) Lair:5
    Orc (2/2) D:12            Elf (3/3) Orc:2        Vaults (5/5) D:13
  Crypt (0/3) Vaults:3     Depths (4/4) D:15            Zot (5/5) Depths:4
  Sewer (visited)           IceCv (visited)         Desolation (visited)

Altars:
Ashenzari
Cheibriados
Dithmenos
Elyvilon
Fedhas
Gozag
Hepliaklqana
Kikubaaqudgha
Makhleb
Nemelex Xobeh
Okawaru
Qazlal
Ru
Sif Muna
Trog
Uskayaw
Vehumet
Wu Jian
Xom
Yredelemnul
Zin
The Shining One
Ignis
Jiyva

Shops:
D:1 [*   D:2 *   D:9 *   Orc:2 ![!=   Elf:2 (:   Vaults:3 (

Portals:
Hell: Depths:1 Depths:2 Depths:3 Depths:4
Abyss: Depths:1 Depths:2 Depths:3
Pandemonium: Depths:2 Depths:4
Ziggurat: Depths:3
Trove: D:10 (give 12 potions of heal wounds)

Annotations:
D:3 Sigmund
D:4 Eustachio
D:10 exclusion: orange crystal statue
D:13 3 runed translucent doors
Temple 2 transporters
Lair:2 Toudewneoc's ghost, journeyman GnBe
Zot:2 1 runed translucent door, Sackuas's ghost, veteran OnBe


Innate Abilities, Weirdness & Mutations

Your serpentine skin is tough. (AC +9)
You have supernaturally acute eyesight. (SInv)
Armour fits poorly on your strangely shaped body.
Your system is resistant to poisons. (rPois)
You cover ground very slowly.
You can spit poison.
You can use your snake-like lower body to constrict enemies.
Your skin changes colour to match your surroundings (Stealth+).
You sometimes lose your temper in combat.
Your body sometimes deteriorates upon taking damage.
You are robust. (+10% HP)
You are vulnerable to heat. (rF-)
You occasionally lose the ability to read scrolls when taking damage.


Message History

An Orb Guardian comes into view.
FireballOrb Guardian27.328333333333; 0 x56; 197.2662275933; 24.658278449162; 0 x2 (ignition=197.2662275933|24.658278449162@0,0) 694.4477445017; 77.160860500189; 6; 0 (fire storm=694.4477445017|77.160860500189@6,0)
You feel a strong surge of power!
A raging storm of fire appears!
The great blast of fire engulfs the Orb Guardian!!!
The Orb Guardian is almost dead.
The Orb Guardian is engulfed in blazing flames.
The Orb Guardian hits you!
A sun demon comes into view.
Fireballsun demon0; FireballOrb Guardian27.328333333333; 0 x48; 268.07496428571 29.786107142857; -5; -2 (fire storm=268.07496428571|29.786107142857@-5,-2) 419.54954268293; 59.935648954704; 1; 0 (orb of destruction=419.54954268293|59.935648954704@1,0) 530.48780487805; 88.414634146341; 0 x2 (starburst=530.48780487805|88.414634146341@0,0) 700.24390243902; 87.530487804878; 0 x2 (ignition=700.24390243902|87.530487804878@0,0)
You feel a strong surge of power!
The air bursts into flame!
The fireball engulfs the Orb Guardian!!
You kill the Orb Guardian!
Vehumet accepts your kill.
You feel your power returning.
The fireball engulfs the sun demon.
The sun demon completely resists.
Fireballsun demon0; 0 x56; 268.07496428571; 29.786107142857; -5; -2 (fire storm=268.07496428571|29.786107142857@-5,-2) 415.47696428571; 59.353852040816; -4; 0 (orb of destruction=415.47696428571|59.353852040816@-4,0)
The orb of destruction hits the sun demon!!!
You blow up the sun demon!
Vehumet accepts your kill.
Aiming: Dig
Press: ? - help, Shift-Dir - straight line A rock wall.
This square is covered in magical glow.
The rock shatters into small pieces.
There is a staircase leading out of the dungeon here.
You have escaped!

.# #.#..#.........#..>.+..†... .#
#.#[#.....#.....#####......
.######.#......###.....## #.(....
........#.....#####.....###...[..
...#####.....#.....#.....##......
...# ##.....###...###.....#......
...###.....#####.#####.....######
...##.....#...........#.....##
...#.....###....@....###.....#
...#....#####.......#####....#
...#...#...........#.....#...#
##.#..###....##...###...###..#
...#.#####..####.#####.#####.#
####.........................####
######.######...##......))...#
########.## ###....#########.#
........## ####.# #.#


There were no monsters in sight!

Vanquished Creatures
  3 dread liches
  5 orbs of fire (Zot:5)
  An ancient lich (Vaults:5)
  Mennas (Vaults:3)
  3 juggernauts
  Mara (Depths:2)
  Sojobo (Depths:1)
  4 Killer Klowns (Zot:5)
  Boris (Depths:2)
  Bai Suzhen (Swamp:3)
  the Lernaean hydra (Swamp:4)
  Parghit (Depths:3)
  A curse toe (Zot:5)
  A caustic shrike (Depths:3)
  12 golden dragons
  Arachne (Spider:4)
  Nikola (Vaults:2)
  2 doom hounds (Depths:3)
  A Tzitzimitl (D:15)
  3 electric golems
  Jorgrun (Swamp:3)
  Rupert (D:15)
  A walking crystal tome (Depths:3)
  Mlioglotl (Swamp:4)
  12 tentacled monstrosities
  29 Orb Guardians
  A lich (Depths:3)
  Asterion (Depths:2)
  2 walking earthen tomes (Zot:1)
  3 deep elf blademasters
  3 deep elf master archers (Elf:3)
  10 sphinxes
  A walking frostbound tome (Zot:1)
  Grunn (Depths:3)
  5 titans
  An ancient champion (Vaults:3)
  3 quicksilver dragons
  A walking divine tome (Zot:1)
  5 death cobs
  A thorn hunter (Swamp:4)
  3 tengu reavers (Depths:1)
  An Executioner (Depths:1)
  5 storm dragons
  9 shadow dragons
  16 fire giants
  7 draconian monks
  A protean progenitor (Zot:4)
  10 frost giants
  4 draconian scorchers
  A balrug (Depths:4)
  9 deep elf sorcerers
  4 ghost moths
  4 emperor scorpions (Spider:4)
  5 narguns (Zot:1)
  4 draconian shifters
  5 iron dragons
  5 orc warlords
  10 vault wardens
  2 imperial myrmidons (Desolation)
  17 ironbound preservers
  Louise (Spider:4)
  A draconian stormcaller (Zot:1)
  2 ghouls (Swamp:1)
  5 draconian annihilators
  7 deep elf elementalists (Elf:3)
  13 stone giants
  2 formless jellyfish
  A juggernaut skeleton (Depths:1)
  A broodmother (Spider:1)
  10 ironbound thunderhulks
  24 very ugly things
  6 black draconians
  3 green draconians
  5 deep elf death magi
  A vampire knight (Depths:2)
  5 eleionomae
  9 deep elf demonologists
  5 bunyips
  2 dire elephants
  3 halazid warlocks (Desolation)
  12 red draconians
  8 deep elf annihilators
  3 purple draconians
  8 war gargoyles
  The ghost of Fykk the Fencer, a journeyman MiFi of Nemelex Xobeh (Lair:2)
  3 white draconians
  3 spark wasps
  5 yellow draconians
  2 crystal guardians (Desolation)
  The ghost of Toudewneoc the Spear-Bearer, a journeyman GnBe of Trog (Lair:2)
  15 ettins
  8 fire dragons
  10 ragged hierophants (Desolation)
  4 entropy weavers
  A shambling mangrove (Swamp:3)
  The ghost of Dehoisae the Skirmisher, a journeyman CoHu of Hepliaklqana (D:13)
  2 jiangshi (Depths:4)
  6 deep elf high priests
  A hell beast (Depths:1)
  Josephine (D:13)
  6 ice dragons
  3 rakshasas
  4 great orbs of eyes
  15 yaktaur captains
  Harold (D:10)
  30 vault guards
  19 hydras
  2 servants of whispers (Desolation)
  A jorogumo (Spider:4)
  3 radroaches (Spider:3)
  4 spriggan air magi
  A death knight (D:15)
  4 ogre magi (Vaults:5)
  2 catoblepae
  9 peacekeepers
  15 centaur warriors
  2 ghost crabs
  A sphinx zombie (Depths:1)
  5 alligators
  A merfolk avatar (Lair:5)
  36 dancing weapons
  5 deep troll shamans
  7 two-headed ogres
  9 ironbound frosthearts
  5 boulder beetles
  10 tengu warriors
  Erica (D:10)
  7 death scarabs (Spider:4)
  4 deep troll earth magi
  4 spriggan berserkers
  The ghost of Zyoxi the Covert, a journeyman VSCK of Xom (Lair:2)
  6 orc high priests
  4 hell hogs (Depths:1)
  17 spriggans
  A vampire mage (Depths:4)
  4 occultists
  13 demonic crawlers
  10 hell knights
  2 soul eaters
  4 sun demons
  13 deep elf knights
  2 skeletal warriors (Vaults:3)
  5 iron trolls
  A salamander mystic (Depths:1)
  A skyshark (Lair:5)
  13 deep elf archers
  7 pharaoh ants
  4 glowing orange brains
  6 goliath frogs
  10 spriggan druids
  A death drake (shapeshifter) (D:13)
  4 flayed ghosts
  5 bog bodies
  8 arcanists
  12 swamp dragons
  A golden dragon zombie (Depths:1)
  51 deep trolls
  4 orb spiders
  7 steelbarb worms
  An orange crystal statue (Depths:1)
  A glowing orange brain (shapeshifter) (Vaults:5)
  14 necromancers
  An iron dragon zombie (Depths:1)
  26 ironbound convokers
  2 spectral wolf spiders (Spider:4)
  10 lindwurms
  2 harpies (Lair:5)
  3 thermic dynamos (Elf:2)
  A spectral jorogumo (Spider:4)
  2 shining eyes (shapeshifter)
  3 phantasmal warriors
  16 deep elf zephyrmancers
  5 large abominations
  11 wolf spiders
  An obsidian bat (Orc:1)
  18 deep elf pyromancers
  5 will-o-the-wisps
  18 orc knights
  41 ugly things
  An oklob plant (Lair:2)
  3 salamanders (Depths:1)
  3 orc sorcerers (Vaults:2)
  2 wolf spider zombies (Spider:4)
  3 cyclopes (D:14)
  6 manticores
  A tengu skeleton (Vaults:3)
  15 moths of wrath
  3 stone giant skeletons
  A frost giant zombie (Depths:1)
  9 meliai
  4 guardian serpents (Desolation)
  2 black mambas
  2 frost giant skeletons
  14 elephants
  Joseph (D:10)
  A fire giant skeleton (Vaults:3)
  A rust devil (D:5)
  A molten gargoyle (Desolation)
  6 kobold blastminers
  3 smoke demons
  2 gargoyles
  5 torpor snails
  20 vault sentinels
  Maggie (D:7)
  10 cane toads
  An ice statue (IceCv)
  2 elf skeletons (Vaults:3)
  3 unseen horrors
  A kobold demonologist (D:12)
  2 spectral redbacks (Spider:4)
  2 redback zombies (Spider:4)
  7 rime drakes
  A yaktaur zombie (Vaults:2)
  38 yaktaurs
  An efreet (D:13)
  2 freezing wraiths
  4 tengu conjurers
  2 yaktaur skeletons (Vaults:3)
  2 red devils
  20 komodo dragons
  A tormentor (Depths:4)
  9 trolls
  A queen bee (Lair:2)
  A hellwing (Depths:3)
  2 bloated husks (Swamp:2)
  A merfolk (shapeshifter) (Vaults:5)
  2 spectral tarantellas (Spider:4)
  A wolf spider simulacrum (D:15)
  24 jumping spiders
  A spectral culicivora (Spider:4)
  5 polar bears
  9 tyrant leeches
  49 saltlings (Desolation)
  A jumping spider zombie (Spider:4)
  20 blink frogs
  4 glass eyes
  3 spectral jumping spiders (Spider:4)
  14 hornets
  20 tarantellas
  2 snapping turtles (Lair:5)
  A tarantella zombie (Spider:4)
  A culicivora zombie (Spider:4)
  24 slime creatures
  A culicivora (shapeshifter) (Vaults:5)
  A spriggan zombie (Depths:1)
  An ettin skeleton (Vaults:3)
  An air elemental (Elf:3)
  2 centaur simulacra
  2 ynoxinuls (Depths:4)
  66 yaks
  10 wyverns
  8 wraiths
  17 culicivoras
  3 wargs
  A dire elephant simulacrum (IceCv)
  A vampire (D:13)
  46 redbacks
  9 water elementals
  9 fire bats
  6 basilisks
  17 vampire mosquitoes
  A redback (shapeshifter) (Depths:3)
  3 steam dragons
  A death yak simulacrum (IceCv)
  3 chaos spawn
  An ogre zombie (Vaults:2)
  13 swamp worms
  A swamp worm (shapeshifter) (Depths:3)
  A water moccasin (shapeshifter) (D:15)
  10 water moccasins
  A hydra simulacrum (IceCv)
  A glowing shapeshifter skeleton (Vaults:3)
  An ogre skeleton (Vaults:3)
  39 orc warriors
  3 black bears
  An ettin simulacrum (Depths:1)
  11 swamp drakes
  An ice beast (shapeshifter) (D:15)
  4 ice beasts
  A centaur (shapeshifter) (Vaults:5)
  9 centaurs
  3 ogres
  11 boggarts
  7 small abominations (Depths:3)
  8 wolves
  2 kobold brigands
  8 scorpions
  4 elf zombies
  A gnoll sergeant (D:9)
  15 bullfrogs
  An earth elemental (Elf:2)
  A human skeleton (Vaults:3)
  8 two-headed ogre simulacra (IceCv)
  4 wights (D:10)
  27 killer bees
  2 elephant simulacra (IceCv)
  8 electric eels
  7 howler monkeys
  2 lava snakes (Lair:1)
  4 jellies
  2 bombardier beetles (D:5)
  4 hounds
  3 gnoll boudas
  35 orc priests
  A sleepcap (D:6)
  2 hell rats (Lair:4)
  15 iguanas
  17 orc wizards
  10 troll simulacra
  2 polar bear simulacra (IceCv)
  2 spriggan simulacra (IceCv)
  5 wolf simulacra (IceCv)
  Robin (D:4)
  17 gnolls
  9 adders
  3 naga simulacra
  9 white imps
  6 ufetubi
  3 ribbon worms
  11 dart slugs
  89 orcs
  6 bats
  16 endoplasms
  23 giant cockroaches
  17 goblins
  3 hobgoblins
  2 jackals (D:4)
  2 quokkas
  14 ball pythons
  13 frilled lizards
  14 kobolds
  7 rats
  3 aspiring fleshes (Zot:4)
  3 fire vortices
2268 creatures vanquished.

Vanquished Creatures (collateral kills)
  A tentacled monstrosity (Depths:2)
  2 sphinxes
  A vault warden (Vaults:2)
  An ironbound preserver (Vaults:2)
  A very ugly thing (Depths:4)
  2 ragged hierophants (Desolation)
  A servant of whispers (Desolation)
  A deep troll earth mage (Depths:2)
  A tengu skeleton (Vaults:3)
  An orc knight (Vaults:2)
  3 saltlings (Desolation)
  An ice beast (Depths:2)
  A small abomination (Depths:3)
  An aspiring flesh (Zot:4)
  12 foxfires
30 creatures vanquished.

Vanquished Creatures (others)
  An Orb Guardian (Zot:5)
  A fire giant (Vaults:5)
  A shadow (D:9)
  340 fire vortices
  2349 foxfires
2692 creatures vanquished.

Grand Total: 4990 creatures vanquished

Notes
Turn   | Place    | Note
-------+----------+-------------------------------------------
     0 | D:1      | Berder the Naga Fire Elementalist began the quest for the
                  | Orb.
     0 | D:1      | Reached XP level 1. HP: 15/15 MP: 3/3
   423 | D:1      | Reached XP level 2. HP: 22/22 MP: 1/5
   951 | D:1      | Reached XP level 3. HP: 28/28 MP: 2/6
   958 | D:1      | Learned a level 2 spell: Scorch
  1100 | D:1      | Found Mucvelest's Antique Armour Emporium.
  1169 | D:1      | Found Xaumueh's Assorted Antiques.
  1516 | D:2      | Found a glowing golden altar of the Shining One.
  1760 | D:2      | Reached XP level 4. HP: 36/36 MP: 2/7
  1882 | D:2      | Found Pacvidwo's General Store.
  1891 | D:2      | Bought a scroll of identify for 26 gold pieces
  2007 | D:2      | Found a faded altar of an unknown god.
  2400 | D:3      | Found a glowing drain.
  2411 | D:3      | Learned a level 4 spell: Flame Wave
  2412 | Sewer    | Entered a sewer
  2951 | Sewer    | Reached XP level 5. HP: 42/42 MP: 6/9
  3591 | Sewer    | Reached XP level 6. HP: 48/49 MP: 3/11
  4302 | D:3      | Noticed Sigmund
  4775 | D:4      | Reached XP level 7. HP: 55/55 MP: 6/12
  5081 | D:4      | Reached skill level 5 in Conjurations
  5081 | D:4      | Reached skill level 5 in Fire Magic
  5266 | D:4      | Noticed Robin
  5272 | D:4      | Killed Robin
  5391 | D:4      | Noticed Eustachio
  5415 | D:5      | Entered Level 5 of the Dungeon
  5523 | D:5      | Identified the +5 quarterstaff "Rookh" {flame, Str-5 Int+8}
  5678 | D:5      | Found a sparkling altar of Nemelex Xobeh.
  5679 | D:5      | Found an opulent altar of Gozag.
  5680 | D:5      | Found a bloodstained altar of Trog.
  5680 | D:5      | Found a basalt altar of Yredelemnul.
  5813 | D:5      | Reached XP level 8. HP: 62/62 MP: 9/15
  6006 | D:5      | Found a staircase to the Ecumenical Temple.
  6014 | D:5      | Reached skill level 5 in Spellcasting
  6264 | Temple   | Found a transporter.
  6264 | Temple   | Found a transporter.
  6264 | Temple   | Found a transporter.
  6264 | Temple   | Found a transporter.
  6264 | Temple   | Entered the Ecumenical Temple
  6276 | Temple   | Became a worshipper of Vehumet
  6902 | D:6      | Reached * piety under Vehumet
  6902 | D:6      | Offered knowledge of Magic Dart by Vehumet.
  6903 | D:6      | Reached XP level 9. HP: 60/68 MP: 15/18
  6945 | D:6      | Learned a level 4 spell: Passage of Golubria
  7218 | D:7      | Noticed Maggie
  7226 | D:7      | Killed Maggie
  7227 | D:7      | Reached skill level 1 in Translocations
  7780 | D:7      | Noticed a two-headed ogre
  7935 | D:7      | Noticed a komodo dragon
  8189 | D:6      | Killed a komodo dragon
  8476 | D:8      | Reached ** piety under Vehumet
  8477 | D:8      | Offered knowledge of Static Discharge by Vehumet.
  8580 | D:8      | Reached XP level 10. HP: 75/75 MP: 9/20
  8776 | D:8      | Noticed a two-headed ogre
  9019 | D:9      | Found Tamixie's Changing Room.
  9109 | D:9      | Noticed a two-headed ogre
  9505 | D:10     | Entered Level 10 of the Dungeon
  9552 | D:10     | Found a portal to a secret trove of treasure.
  9631 | D:10     | Learned a level 3 spell: Volatile Blastmotes
  9862 | D:10     | Noticed an orange crystal statue
  9930 | D:10     | Offered knowledge of Searing Ray by Vehumet.
  9937 | D:10     | Learned a level 2 spell: Searing Ray
 10137 | D:10     | Noticed Joseph
 10154 | D:10     | Killed Joseph
 10164 | D:10     | Noticed Erica
 10177 | D:10     | Killed Erica
 10178 | D:10     | Reached skill level 5 in Translocations
 10504 | D:10     | Noticed Harold
 10512 | D:10     | Killed Harold
 10513 | D:10     | Reached XP level 11. HP: 77/81 MP: 10/23
 10917 | D:11     | Noticed a two-headed ogre
 10926 | D:11     | Killed a two-headed ogre
 11063 | D:11     | Found a frozen archway.
 11072 | D:11     | Reached *** piety under Vehumet
 11090 | IceCv    | Entered an ice cave
 11257 | IceCv    | Reached skill level 10 in Conjurations
 11263 | IceCv    | Reached skill level 10 in Fire Magic
 11266 | IceCv    | Offered knowledge of Ignite Poison by Vehumet.
 11619 | IceCv    | Noticed a bog body
 11621 | IceCv    | Noticed a bog body
 11624 | IceCv    | Killed a bog body
 11624 | IceCv    | Killed a bog body
 11808 | IceCv    | Reached **** piety under Vehumet
 12083 | IceCv    | Identified the ring of Sophism {^Contam rF+ rC+ Will+
                  | Dex+6}
 12317 | D:11     | Noticed a boulder beetle
 12331 | D:11     | Killed a boulder beetle
 12854 | D:11     | Reached XP level 12. HP: 90/90 MP: 17/25
 12857 | D:11     | Reached skill level 1 in Fighting
 13026 | D:11     | Reached skill level 1 in Armour
 13026 | D:11     | Reached skill level 10 in Spellcasting
 13065 | D:12     | Offered knowledge of Freezing Cloud by Vehumet.
 13112 | D:11     | Learned a level 5 spell: Freezing Cloud
 13542 | D:12     | Found a staircase to the Orcish Mines.
 14228 | D:9      | Killed a two-headed ogre
 14290 | D:9      | Found a staircase to the Lair.
 14376 | D:9      | Identified the +1 halberd of Gozag, Singing {speed, rC++}
 15094 | D:8      | Killed a two-headed ogre
 15095 | D:8      | Reached skill level 5 in Fighting
 15707 | D:7      | Found a blossoming altar of Fedhas.
 15933 | D:1      | Bought a pair of warped gloves for 218 gold pieces
 15933 | D:1      | Identified the +3 pair of gloves "Zuches" {Rampage Slay+2}
                  | (You bought it in a shop on level 1 of the Dungeon)
 15938 | D:1      | Bought an encrusted robe for 131 gold pieces
 15938 | D:1      | Identified the +0 robe of Cloud Cover {rElec Will+ Str+3
                  | Int-3} (You bought it in a shop on level 1 of the Dungeon)
 15941 | D:1      | Bought a jewelled leather armour for 161 gold pieces
 15941 | D:1      | Identified the +0 leather armour "Achiuhy" {Str+4 Int+3}
                  | (You bought it in a shop on level 1 of the Dungeon)
 15952 | D:1      | Bought a glowing buckler for 172 gold pieces
 16145 | Lair:1   | Entered Level 1 of the Lair of Beasts
 16354 | Lair:1   | Reached skill level 5 in Armour
 16467 | Lair:1   | Reached ***** piety under Vehumet
 16472 | Lair:1   | Offered knowledge of Orb of Destruction by Vehumet.
 16486 | Lair:1   | Learned a level 7 spell: Orb of Destruction
 16559 | Lair:1   | Gained mutation: You can use your snake-like lower body to
                  | constrict enemies. [Naga growth]
 16559 | Lair:1   | Reached XP level 13. HP: 95/115 MP: 6/27
 17235 | Lair:1   | Identified the +0 leather armour "Waulad" {rPois rCorr
                  | Str-4 Int+2}
 18122 | Lair:2   | Found a runed translucent gate.
 18122 | Lair:2   | Found a runed translucent gate.
 18122 | Lair:2   | Found a runed translucent gate.
 18125 | Lair:2   | Noticed Toudewneoc's ghost (journeyman GnBe)
 18125 | Lair:2   | Noticed Zyoxi's ghost (journeyman VSCK)
 18125 | Lair:2   | Noticed Toudewneoc's ghost (journeyman GnBe)
 18126 | Lair:2   | Noticed Fykk's ghost (journeyman MiFi)
 18129 | Lair:2   | Found the +3 Elemental Staff {ele, rElec rF+ rC+ AC+3}
 18793 | Lair:2   | Found a staircase to the Swamp.
 19108 | Lair:3   | Found a basalt altar of Yredelemnul.
 20044 | Lair:3   | Reached skill level 10 in Fighting
 20222 | Lair:2   | Killed Toudewneoc's ghost
 20370 | Lair:2   | Killed Zyoxi's ghost
 20666 | Lair:3   | Found a hole to the Spider Nest.
 21295 | Lair:4   | Reached XP level 14. HP: 133/133 MP: 19/28
 22275 | Lair:5   | Entered Level 5 of the Lair of Beasts
 23018 | Lair:5   | Offered knowledge of Sticky Flame by Vehumet.
 23032 | Lair:5   | Found a staircase to the Slime Pits.
 23032 | Lair:5   | Found a viscous altar of Jiyva.
 24148 | Lair:2   | Killed Fykk's ghost
 24383 | D:13     | Reached XP level 15. HP: 100/139 MP: 20/29
 24883 | D:13     | Found a runed translucent door.
 25081 | D:13     | Noticed Josephine
 25085 | D:13     | Killed Josephine
 25244 | D:13     | Identified the +0 trident of Rishuk {spect, rF+ Will+
                  | Stlth+}
 25244 | D:13     | Noticed Dehoisae's ghost (journeyman CoHu)
 25501 | D:13     | Found a runed translucent gate.
 25501 | D:13     | Found a runed translucent gate.
 25501 | D:13     | Found a runed translucent gate.
 25644 | D:13     | Noticed a frost giant
 25853 | D:13     | Found a runed translucent gate.
 25853 | D:13     | Found a runed translucent gate.
 25853 | D:13     | Found a runed translucent gate.
 26039 | D:13     | Found a gate to the Vaults.
 26045 | D:13     | Offered knowledge of Spellforged Servitor by Vehumet.
 27167 | D:15     | Entered Level 15 of the Dungeon
 27356 | D:15     | Noticed Rupert
 27364 | D:15     | Killed Rupert
 27543 | D:15     | Found a staircase to the Depths.
 28597 | Orc:1    | Entered Level 1 of the Orcish Mines
 28690 | Orc:2    | Entered Level 2 of the Orcish Mines
 28727 | Orc:2    | Reached XP level 16. HP: 147/147 MP: 19/32
 28890 | Orc:2    | Reached ****** piety under Vehumet
 29044 | Orc:2    | Offered knowledge of Plasma Beam by Vehumet.
 30145 | Orc:2    | Offered knowledge of Lee's Rapid Deconstruction by Vehumet.
 30345 | Orc:2    | Found a staircase to the Elven Halls.
 30439 | Orc:2    | Reached skill level 15 in Fire Magic
 30482 | Orc:2    | Found Neyrih's Distillery.
 30485 | Orc:2    | Found Pyemevotz's Antique Armour Shoppe.
 30486 | Orc:2    | Found Ucatin Duli's Jewellery Emporium.
 30487 | Orc:2    | Found Esinu's Distillery.
 30508 | Orc:2    | Bought a potion of heal wounds for 65 gold pieces
 30512 | Orc:2    | Bought an ancient kite shield for 266 gold pieces
 30512 | Orc:2    | Identified the +0 kite shield of Chimes {rPois Int-2 Dex+4}
                  | (You bought it in a shop on level 2 of the Orcish Mines)
 30636 | Orc:1    | Reached skill level 15 in Conjurations
 31193 | Swamp:1  | Entered Level 1 of the Swamp
 32291 | Swamp:1  | Reached skill level 1 in Shields
 32616 | Swamp:1  | Upgraded the game from 0.32-a0-975-g85d4e5bfdb to
                  | 0.32-a0-981-g384da2ce10
 32835 | Swamp:2  | Noticed a tentacled monstrosity
 33042 | Swamp:2  | Reached skill level 5 in Shields
 33320 | Swamp:2  | Killed a tentacled monstrosity
 33401 | Swamp:2  | Reached XP level 17. HP: 149/154 MP: 27/34
 33440 | Swamp:2  | Offered knowledge of Starburst by Vehumet.
 33634 | Swamp:2  | Learned a level 6 spell: Starburst
 33672 | Swamp:2  | Found a shimmering altar of Xom.
 34323 | Swamp:3  | Noticed Bai Suzhen
 35149 | D:13     | Killed Dehoisae's ghost
 35351 | Spider:1 | Entered Level 1 of the Spider Nest
 36197 | Spider:1 | Reached skill level 10 in Shields
 36481 | Spider:2 | Offered knowledge of Bombard by Vehumet.
 36988 | Spider:2 | Found the Charlatan's Orb {orb Evoboost}
 37193 | Spider:2 | You fall into a shaft and drop 1 floor!
 37909 | Spider:3 | Learned a level 4 spell: Iskenderun's Mystic Blast
 38208 | Spider:3 | Reached XP level 18. HP: 160/163 MP: 7/35
 38434 | Spider:3 | Found a runed translucent door.
 38831 | Spider:3 | Offered knowledge of Fire Storm by Vehumet.
 38831 | Spider:3 | Offered knowledge of Maxwell's Capacitive Coupling by
                  | Vehumet.
 38831 | Spider:3 | Offered knowledge of Fulsome Fusillade by Vehumet.
 38861 | Spider:3 | Identified the +6 plate armour of Uxtetac {-Tele rElec rF+
                  | rN+}
 38910 | Spider:3 | Identified the +10 plate armour of Cowkeupa {Rampage +Inv
                  | Dex+3}
 38934 | Spider:4 | Entered Level 4 of the Spider Nest
 39316 | Spider:4 | Noticed Louise
 39330 | Spider:4 | Killed Louise
 39442 | Spider:4 | Noticed Arachne
 39528 | Spider:4 | Killed Arachne
 40453 | Spider:4 | Got a gossamer rune of Zot
 40471 | Spider:4 | Reached XP level 19. HP: 169/169 MP: 37/37
 40767 | Swamp:3  | Killed Bai Suzhen
 40901 | Swamp:3  | Identified the +0 chain mail of the World {Str+6 Int+3
                  | Dex-4}
 40987 | Swamp:3  | Noticed Jorgrun
 40992 | Swamp:3  | Killed Jorgrun
 41342 | Swamp:4  | Entered Level 4 of the Swamp
 41445 | Swamp:4  | Noticed Mlioglotl
 41485 | Swamp:4  | Killed Mlioglotl
 41917 | Swamp:4  | Reached XP level 20. HP: 177/177 MP: 23/38
 41919 | Swamp:4  | Noticed the 27-headed Lernaean hydra
 41930 | Swamp:4  | Killed the 27-headed Lernaean hydra
 42253 | Swamp:4  | Got a decaying rune of Zot
 42721 | Elf:1    | Entered Level 1 of the Elven Halls
 42724 | Elf:1    | Reached skill level 15 in Spellcasting
 43309 | Elf:1    | Got the Almanac of Despicable Liturgies
 43487 | Elf:1    | Found a radiant altar of Vehumet.
 43614 | Elf:1    | Found a runed translucent gate.
 43614 | Elf:1    | Found a runed translucent gate.
 43614 | Elf:1    | Found a runed translucent gate.
 43913 | Elf:2    | Found Oxtoud's Antique Weapon Emporium.
 43976 | Elf:2    | Identified the +1 ring mail of Generosity {Rampage rN++
                  | Dex+5}
 44197 | Elf:2    | Found Reusm's Tremendous Tomes.
 44293 | Elf:2    | Found a runed translucent gate.
 44294 | Elf:2    | Found a runed translucent gate.
 44294 | Elf:2    | Found a runed translucent gate.
 45061 | Elf:2    | Identified the blade talisman of the Dwarven Hall {rF-
                  | Str+6}
 45127 | Elf:3    | Entered Level 3 of the Elven Halls
 45392 | Elf:3    | Reached XP level 21. HP: 182/184 MP: 41/41
 45393 | Elf:3    | Reached XP level 22. HP: 192/193 MP: 42/42
 45416 | Elf:3    | Learned a level 9 spell: Fire Storm
 45907 | Elf:3    | Reached XP level 23. HP: 199/199 MP: 38/43
 46195 | Elf:3    | Identified the +11 long sword "Vubbotalieg" {freeze, *Slow
                  | rPois rF++ Str+3}
 46832 | Elf:3    | Identified the ring "Dejy" {rPois rC+++ MP+9 Dex+3}
 46891 | Elf:3    | Found the +3 crown of Dyrovepreva {rElec Int+2 SInv}
 46902 | Elf:3    | Identified the ring "Wehauf" {Fly rPois}
 46938 | Elf:3    | Identified the +3 sling of Optimality {flame, rC+ Will+
                  | Stlth+}
 46992 | Elf:3    | Identified the dragon-blood talisman "Geri" {SInv}
 46997 | Elf:3    | Identified the staff "Tidigyew" {+Blink rC+ rN+ Necro Ice}
 47029 | Elf:3    | Identified the staff "Killer Klown's Peril" {rF- rN+ Int+8
                  | Necro Air}
 47035 | Elf:3    | Identified the +1 chain mail of the Screaming Gods {rElec
                  | Int+4}
 47341 | Vaults:1 | Entered Level 1 of the Vaults
 47954 | Elf:2    | Bought the Quarto of the Salamander for 1230 gold pieces
 47963 | Elf:2    | Learned a level 8 spell: Ignition
 50091 | Vaults:2 | Reached XP level 24. HP: 185/207 MP: 25/44
 50091 | Vaults:2 | Noticed Nikola
 50099 | Vaults:2 | Killed Nikola
 50218 | Vaults:2 | Upgraded the game from 0.32-a0-981-g384da2ce10 to
                  | 0.32-a0-986-ga09f62fbf4
 50940 | Vaults:3 | Identified the +0 robe of Demonic Amelioration {rN+ Str+6}
 51289 | Vaults:3 | Noticed Mennas
 51294 | Vaults:3 | Killed Mennas
 51585 | Vaults:3 | Found Ucan's Antique Weapon Shoppe.
 51687 | Vaults:3 | Found a staircase to the Crypt.
 52354 | Vaults:4 | Found a crumbling gateway.
 52365 | Desolati | Entered the Desolation of Salt
 52432 | Desolati | Got the Grimoire of Fascination and Allies
 52440 | Desolati | Got the Octavo of Atmospheric Kindling
 52457 | Desolati | Reached XP level 25. HP: 190/214 MP: 25/44
 52631 | Desolati | Identified the amulet "Silal" {rF++ rC+ RegenMP+}
 52901 | Desolati | Identified the amulet "Faiss" {Spirit Harm rN+ Dex-5}
 52985 | Desolati | Identified the +2 scale mail of Dithmenos's Supremacy {rC++
                  | Int-4}
 53046 | Desolati | Identified the ring "Anyz" {rF+ rCorr Str-2 Dex+2 Stlth+}
 53053 | Desolati | Got Nusas's Octavo of the Mutable Wyrd
 53684 | Vaults:5 | Entered Level 5 of the Vaults
 53945 | Vaults:5 | Noticed a dread lich
 54031 | Vaults:4 | Killed a dread lich
 54589 | Vaults:5 | Noticed an ancient lich
 54592 | Vaults:5 | Killed an ancient lich
 54745 | Vaults:5 | Reached XP level 26. HP: 222/222 MP: 41/44
 54950 | Vaults:5 | Got a silver rune of Zot
 55147 | Vaults:5 | Got the Thoughts on Tephra and Shifting
 55274 | Vaults:5 | Identified the +0 cloak of a treasure trove {Str+3 Int+4}
 55280 | Vaults:5 | Identified the +0 robe of the Pits of Slime {rElec rC-
                  | Dex+3 Archmagi}
 55486 | Vaults:5 | Identified the +1 robe of Xuelann {rF- rCorr Int-4 Dex+5}
 55865 | Depths:1 | Entered Level 1 of the Depths
 56025 | Depths:1 | Noticed Sojobo
 56028 | Depths:1 | Killed Sojobo
 56384 | Depths:1 | Found a gateway to Hell.
 56566 | Depths:1 | Found a hazy altar of Hepliaklqana.
 56618 | Depths:1 | Found a one-way gate to the infinite horrors of the Abyss.
 57063 | Depths:2 | Identified the +2 robe of the Enchanted Forest {rElec
                  | Regen+ Str+2}
 57063 | Depths:2 | Noticed Boris
 57066 | Depths:2 | Killed Boris
 57126 | Depths:2 | Got the Collected Works on Arenous Percussion
 57222 | Depths:2 | Found a one-way gate leading to the halls of Pandemonium.
 57426 | Depths:2 | Noticed Asterion
 57431 | Depths:2 | Killed Asterion
 57447 | Depths:2 | Noticed Mara
 57458 | Depths:2 | Killed Mara
 57634 | Depths:2 | Identified the staff of the Eggplant {Fly rF+ rN+ SInv
                  | Fire}
 58165 | Depths:3 | Noticed Grunn
 58169 | Depths:3 | Killed Grunn
 58266 | Depths:3 | Noticed a juggernaut
 58270 | Depths:3 | Killed a juggernaut
 58270 | Depths:3 | Noticed Parghit
 58271 | Depths:3 | Reached XP level 27. HP: 229/229 MP: 34/44
 58274 | Depths:3 | Killed Parghit
 58588 | Depths:3 | Noticed a juggernaut
 58591 | Depths:3 | Killed a juggernaut
 59131 | Depths:3 | Identified the +0 robe "Omink" {Regen+ Int+6}
 59309 | Depths:3 | Found a one-way gateway to a ziggurat.
 59605 | Depths:4 | Entered Level 4 of the Depths
 59616 | Depths:4 | Noticed a juggernaut
 59624 | Depths:4 | Killed a juggernaut
 61042 | Depths:4 | Found a gate to the Realm of Zot.
 61165 | Depths:4 | Found a candlelit altar of Ignis.
 61541 | Zot:1    | Entered Level 1 of the Realm of Zot
 61601 | Zot:1    | Identified the +0 leather armour of the Eternal Fruit
                  | {Will+++}
 61641 | Zot:2    | Found a runed translucent door.
 61653 | Zot:2    | Noticed Sackuas's ghost (veteran OnBe)
 61677 | Zot:1    | Reached skill level 27 in Conjurations
 61677 | Zot:1    | Reached skill level 27 in Fire Magic
 61693 | Zot:1    | Learned a level 8 spell: Fulsome Fusillade
 62126 | Zot:5    | Entered Level 5 of the Realm of Zot
 62164 | Zot:5    | Noticed an orb of fire
 62164 | Zot:5    | Noticed an orb of fire
 62164 | Zot:5    | Noticed a dread lich
 62166 | Zot:5    | Gained mutation: You are occasionally teleported next to
                  | monsters. [an orb of fire]
 62169 | Zot:5    | Killed a dread lich
 62169 | Zot:5    | Gained mutation: You are vulnerable to cold. (rC-) [an orb
                  | of fire]
 62171 | Zot:5    | Gained mutation: You occasionally lose the ability to read
                  | scrolls when taking damage. [an orb of fire]
 62185 | Zot:5    | Noticed an orb of fire
 62193 | Zot:5    | Gained mutation: You are dopey. (Int -2) [an orb of fire]
 62198 | Zot:5    | Lost mutation: You occasionally lose the ability to read
                  | scrolls when taking damage. [potion of mutation]
 62198 | Zot:5    | Lost mutation: You are occasionally teleported next to
                  | monsters. [potion of mutation]
 62198 | Zot:5    | Lost mutation: You are vulnerable to cold. (rC-) [potion of
                  | mutation]
 62198 | Zot:5    | Gained mutation: You are vulnerable to heat. (rF-) [potion
                  | of mutation]
 62198 | Zot:5    | Gained mutation: You do not regenerate when monsters are
                  | visible. [potion of mutation]
 62199 | Zot:5    | Lost mutation: You are vulnerable to heat. (rF-) [potion of
                  | mutation]
 62199 | Zot:5    | Lost mutation: You do not regenerate when monsters are
                  | visible. [potion of mutation]
 62199 | Zot:5    | Lost mutation: You are dopey. (Int -2) [potion of mutation]
 62199 | Zot:5    | Gained mutation: You are clumsy. (Dex -2) [potion of
                  | mutation]
 62199 | Zot:5    | Gained mutation: You are very clumsy. (Dex -4) [potion of
                  | mutation]
 62199 | Zot:5    | Gained mutation: You are partially covered in iridescent
                  | scales. (AC +2) [potion of mutation]
 62216 | Zot:5    | Noticed a dread lich
 62218 | Zot:5    | Killed a dread lich
 62226 | Zot:5    | Gained mutation: You have hidden genetic defects. [an orb
                  | of fire]
 62236 | Zot:5    | Reached skill level 1 in Alchemy
 62240 | Zot:5    | Gained mutation: You are vulnerable to heat. (rF-) [an orb
                  | of fire]
 62242 | Zot:5    | Noticed an orb of fire
 62260 | Zot:5    | Noticed an orb of fire
 62261 | Zot:5    | Gained mutation: Your spells are a little easier to cast,
                  | but a little less powerful. [an orb of fire]
 62267 | Zot:5    | Gained mutation: You sometimes lose your temper in combat.
                  | [an orb of fire]
 62273 | Zot:5    | Gained mutation: You occasionally lose the ability to read
                  | scrolls when taking damage. [an orb of fire]
 63060 | Vaults:4 | Lost mutation: You are vulnerable to heat. (rF-) [potion of
                  | mutation]
 63060 | Vaults:4 | Lost mutation: You are partially covered in iridescent
                  | scales. (AC +2) [potion of mutation]
 63060 | Vaults:4 | Lost mutation: You are very clumsy. (Dex -4) [potion of
                  | mutation]
 63060 | Vaults:4 | Gained mutation: You do not regenerate when monsters are
                  | visible. [potion of mutation]
 63060 | Vaults:4 | Gained mutation: Your spells are easier to cast, but less
                  | powerful. [potion of mutation]
 63060 | Vaults:4 | Gained mutation: Your skin changes colour to match your
                  | surroundings (Stealth+). [potion of mutation]
 63061 | Vaults:4 | Lost mutation: You are clumsy. (Dex -2) [potion of
                  | mutation]
 63061 | Vaults:4 | Lost mutation: You occasionally lose the ability to read
                  | scrolls when taking damage. [potion of mutation]
 63061 | Vaults:4 | Gained mutation: You are frail. (-10% HP) [potion of
                  | mutation]
 63062 | Vaults:4 | Lost mutation: You sometimes lose your temper in combat.
                  | [potion of mutation]
 63062 | Vaults:4 | Lost mutation: You have hidden genetic defects. [potion of
                  | mutation]
 63062 | Vaults:4 | Gained mutation: You expend magic power (3 MP) to
                  | strengthen your wands. [potion of mutation]
 63063 | Vaults:4 | Lost mutation: You expend magic power (3 MP) to strengthen
                  | your wands. [potion of mutation]
 63063 | Vaults:4 | Lost mutation: You do not regenerate when monsters are
                  | visible. [potion of mutation]
 63063 | Vaults:4 | Lost mutation: Your spells are easier to cast, but less
                  | powerful. [potion of mutation]
 63063 | Vaults:4 | Gained mutation: Your spells are easier to cast, but less
                  | powerful. [potion of mutation]
 63063 | Vaults:4 | Lost mutation: Your spells are easier to cast, but less
                  | powerful. [potion of mutation]
 63064 | Vaults:4 | Lost mutation: You are frail. (-10% HP) [potion of
                  | mutation]
 63064 | Vaults:4 | Lost mutation: Your skin changes colour to match your
                  | surroundings (Stealth+). [potion of mutation]
 63064 | Vaults:4 | Lost mutation: Your spells are a little easier to cast, but
                  | a little less powerful. [potion of mutation]
 63064 | Vaults:4 | Gained mutation: Your magical capacity is low. (-10% MP)
                  | [potion of mutation]
 63064 | Vaults:4 | Lost mutation: Your magical capacity is low. (-10% MP)
                  | [potion of mutation]
 63064 | Vaults:4 | Gained mutation: Your skin changes colour to match your
                  | surroundings (Stealth+). [potion of mutation]
 63064 | Vaults:4 | Gained mutation: You are robust. (+10% HP) [potion of
                  | mutation]
 63344 | Orc:2    | Bought a potion of mutation for 128 gold pieces
 63696 | D:1      | Bought a scroll of blinking for 187 gold pieces
 63696 | D:1      | Bought a potion of mutation for 200 gold pieces
 64139 | Zot:5    | Gained mutation: You sometimes lose your temper in combat.
                  | [an orb of fire]
 64142 | Zot:5    | Gained mutation: You occasionally lose the ability to read
                  | scrolls when taking damage. [an orb of fire]
 64144 | Zot:5    | Killed an orb of fire
 64145 | Zot:5    | Reached skill level 5 in Alchemy
 64146 | Zot:5    | Killed an orb of fire
 65415 | Zot:5    | Killed an orb of fire
 65609 | Zot:5    | Gained mutation: You are vulnerable to heat. (rF-) [an orb
                  | of fire]
 65610 | Zot:5    | Killed an orb of fire
 66054 | Zot:5    | Gained mutation: Your body sometimes deteriorates upon
                  | taking damage. [an orb of fire]
 66060 | Zot:5    | Killed an orb of fire
 66061 | Zot:5    | Reached skill level 10 in Alchemy
 66171 | Zot:5    | Got the Orb of Zot
 66736 | D:$      | Escaped with the Orb!

Illustrated notes

Levels and vault maps discovered:
D:1:      onia_arrival_pyramid, layout_basic, serial_shops, shop,
          nicolae_shop_hallway_plus
D:2:      layout_basic, dreamdust_ecumenical_altar_angels_and_demons,
          serial_shops, nicolae_lakefront_shop, basic_altar
D:3:      layout_rooms, mainiacjoe_sewer_entry_somewhere_in_here_1,
          minmay_unequal, uniq_sigmund
D:4:      layout_loops_ring, uniq_eustachio, uniq_edmund, uniq_robin
D:5:      layout_cave_pools, mainiacjoe_overflow_alcove_3, temple_fountains,
          minivault_25, minivault_26
D:6:      layout_rooms
D:7:      layout_basic, lemuel_crystal_altar, st_stairs_8, minmay_manual_moon,
          uniq_maggie
D:8:      layout_basic, grunt_decor_cap, amethyst_killhole
D:9:      layout_loops_ring, lair_entry_dummy, nicolae_transmutations_shop
D:10:     layout_loops_ring, nicolae_trove_entry_columns,
          minmay_protected_statue, uniq_harold, uniq_erica, uniq_joseph
D:11:     layout_irregular_city, portal_ice_cave_entry_ice_simulacra
D:12:     layout_roguey, david_orc_2, serial_ice, serial_ice_d, serial_ice_b,
          serial_ice_a, serial_ice_i
D:13:     kennysheep_treasure_stockpile, layout_irregular_city, david_vaults_1,
          ebering_ghost_funeral_grove, uniq_josephine
D:14:     layout_cave_pools, kennysheep_another_room
D:15:     grunt_enter_depths_snipers, layout_basic, serial_park_avenue1,
          uniq_rupert
Temple:   hellmonk_temple_divided_pantheon
Lair:1:   beast_lair_carwin_large_1, layout_gridlike
Lair:2:   layout_cave_pods, mainiacjoe_swamp_entry_angry_trees, special_room
          [special_room_bee], gammafunk_ghost_cemetery
Lair:3:   layout_cave_shapes, nicolae_spider_entry_non_spiders, basic_altar
Lair:4:   layout_hall_layers, special_room [special_room_mythical_zoo]
Lair:5:   gammafunk_lair_ancient_temple, layout_regular_city,
          minmay_slime_entry_pillars, fungi_pond_lemuel, lookout_lair_type
Swamp:1:  layout_falls_marsh, evilmike_swamp_ruin_house_6,
          nicolae_swamp_round_clearing, swamp_pool_5
Swamp:2:  layout_basic_swamp, lemuel_altar_in_water
Swamp:3:  layout_basic_swamp, evilmike_swamp_ruin_house_3, swamp_pool_1_2,
          nicolae_swamp_tree_isthmus, uniq_jorgrun, uniq_bai_suzhen
Swamp:4:  swamp_old_school, layout_basic_swamp, uniq_mlioglotl
Spider:1: layout_spider_delve, nicolae_crawler_farm
Spider:2: layout_spider_delve
Spider:3: cheibrodos_spider_deadly_dance, hangedman_spider_tarantella_strand
Spider:4: floodkiller_spider_rune_tomb, uniq_arachne, uniq_louise
Orc:1:    layout_diamond_mine
Orc:2:    st_orc_pillars, layout_diamond_mine
Elf:1:    minmay_elf_arrival_plus, layout_gridlike, basic_altar,
          minmay_elf_necromancy, hex_intersection,
          nicolae_gammafunk_elf_defective_weapons_storage
Elf:2:    nicolae_elf_blades_crystal_corner, layout_geoelf_grid, serial_shops,
          nicolae_shop_crystal, nicolae_shop_i_like_big_books, item_on_display_a
Elf:3:    minmay_elf_hall_four_x, layout_gridlike, serial_sigils,
          serial_sigils_hangedman_etch, serial_sigils_hangedman_confine,
          serial_sigils_hangedman_gnaw, serial_sigils_hangedman_gut,
          serial_sigils_hangedman_leer, serial_sigils_hangedman_stare
Vaults:1: hangedman_vaults_unwind, nicolae_vaults_trapezoid_4,
          vaults_room_door_ring, nicolae_vaults_little_ls,
          dpeg_vaults_monster_row, nicolae_vaults_apartment_1,
          nicolae_vaults_three_branches, layout_vaults_quadrants
Vaults:2: gargoyle_guard, nicolae_vaults_tetromino_Z_1,
          nicolae_vaults_closet_pinwheel_4, nicolae_vaults_closet_pinwheel_4,
          grunt_vaults_hallway_short, minmay_orc_keep, hangedman_vaults_trim,
          v_misc_10, vaults_room_door_ring, nicolae_vaults_tetromino_L_1,
          v_misc_8, nicolae_vaults_apartment_1, v_alt_pattern_5,
          layout_vaults_omnibox, uniq_nikola
Vaults:3: nicolae_vaults_shipping_containers_4, vaults_room_stairs_pillars,
          nicolae_vaults_tetromino_L_2, lightli_orcish_oven,
          vaults_room_semicircle, minmay_crypt_entry_skeletal_spiral, v_misc_33,
          nicolae_vaults_wrenched, ontoclasm_vaults_ring_large,
          vaults_room_ringed_pool, layout_vaults_ring, serial_shops, shop,
          uniq_mennas
Vaults:4: portal_desolation_entry_garden, nicolae_vaults_closet_pinwheel_4,
          v_pattern_3, nicolae_vaults_closet_pinwheel_4,
          nicolae_vaults_apartment_1, hangedman_vaults_maws,
          nicolae_vaults_tetromino_T_2, vaults_room_door_hall,
          dpeg_vaults_monster_box, nicolae_vaults_house_3,
          layout_vaults_big_room
Vaults:5
Depths:1: layout_gridlike, minmay_misc_feat_x, hellmouth_3, abyss_entry,
          minivault_16, minmay_statues_item, drop_trap,
          nzn_hepliaklqana_mist_gate, uniq_sojobo
Depths:2: hangedman_cross_stitches, layout_cave_pools, grunt_hell_entry_dis_old,
          abyss_entry, pan_entry, kennysheep_inner_square, uniq_asterion,
          uniq_mara, uniq_boris
Depths:3: minmay_central_circle, layout_honeycomb, enter_ziggurat_e,
          minmay_staircase_statues, minmay_room_of_horrors,
          pf_hell_entry_great_geh, uniq_parghit, uniq_grunn
Depths:4: regret_index_infernal_bastille, layout_honeycomb, hell_entry,
          rand_demon_pan_entry_8, minmay_misc_feat_room
Zot:1:    layout_basic, regret_index_zotdec_decaying_basic,
          nicolae_rock_paper_scissors, grunt_megastairs_5
Zot:2:    grunt_deathspiral_small, layout_cathedral_of_symmetry,
          ebering_ghost_reflecting_pool
Zot:3:    layout_misc_corridors, regret_index_zotdec_iron_s
Zot:4:    layout_onion_interference, regret_index_zotdec_onion_hex
Zot:5:    layout_onion

Skill      XL: |  1  2  3  4  5  6  7  8  9 10 11 12 13 14 15 16 17 18 19 20 21 22 23 24 25 26 27 |
---------------+----------------------------------------------------------------------------------+-----
Conjurations   | 2 3 4 5 6 8 9 10 11 13 14 15 16 17 18 20 22 23 25 27 | 27.0
Spellcasting   | 3 4 6 7 8 9 10 12 13 14 16 17 20 | 20.0
Fire Magic     | 4 5 6 8 9 10 11 13 14 15 16 17 18 20 22 23 25 27 | 27.0
Translocations | 3 5 |  5.0
Fighting       | 7 10 | 10.3
Armour         | 5 8 |  8.7
Shields        | 6 12 | 12.0
Alchemy        | 11 | 11.4
Dodging        | |  1.5
Stealth        | |  3.0

Action                     |  1- 3 |  4- 6 |  7- 9 | 10-12 | 13-15 | 16-18 | 19-21 | 22-24 | 25-27 || total
---------------------------+-------+-------+-------+-------+-------+-------+-------+-------+-------++-------
  Melee: Dagger            |     9 |     8 |    41 |       |       |       |       |       |       ||    58
         Quarterstaff      |       |       |    14 |    10 |    17 |       |       |       |       ||    41
         Constrict         |       |       |       |       |     9 |    17 |     5 |    33 |    25 ||    89
         Staff             |       |       |       |       |    10 |    46 |    17 |   104 |   109 ||   286
   Cast: Foxfire           |    65 |   172 |   235 |   254 |   247 |   248 |   118 |    33 |     4 ||  1376
         Scorch            |       |       |    14 |    43 |   190 |   273 |   104 |    24 |     3 ||   651
         Flame Wave        |       |       |     8 |    51 |    81 |   100 |    27 |     2 |     1 ||   270
         Passage of Golubr |       |       |     2 |     1 |       |     9 |       |     1 |     6 ||    19
         Volatile Blastmot |       |       |       |    14 |       |       |       |       |       ||    14
         Searing Ray       |       |       |       |    10 |    28 |    25 |       |       |       ||    63
         Orb of Destructio |       |       |       |     2 |    35 |    89 |    19 |    28 |    48 ||   221
         Freezing Cloud    |       |       |       |     1 |    34 |    58 |     5 |    34 |       ||   132
         Iskenderun's Myst |       |       |       |       |       |   114 |   185 |    74 |    48 ||   421
         Starburst         |       |       |       |       |       |    17 |     2 |    32 |    47 ||    98
         Ignition          |       |       |       |       |       |       |       |    45 |    35 ||    80
         Fire Storm        |       |       |       |       |       |       |       |    98 |   440 ||   538
         Fulsome Fusillade |       |       |       |       |       |       |       |       |     2 ||     2
Ability: Spit Poison       |     1 |     3 |     8 |     1 |     2 |       |       |       |     1 ||    16
  Evoke: Wand              |       |       |     2 |     3 |     4 |    10 |     2 |     4 |     6 ||    31
         Tin of tremorston |       |       |       |       |     2 |     1 |       |       |       ||     3
         Box of beasts     |       |       |       |       |       |       |     2 |       |       ||     2
         Phial of floods   |       |       |       |       |       |       |       |     1 |     1 ||     2
    Use: Scroll            |       |    12 |     3 |    14 |    12 |     6 |     1 |     2 |    26 ||    76
         Potion            |       |       |       |       |     2 |     4 |     3 |     1 |    23 ||    33
   Stab: Sleeping          |     1 |       |       |     1 |     1 |       |       |       |       ||     3
         Invisible         |       |       |       |       |       |       |     1 |       |       ||     1
 Armour: Robe              |    10 |    22 |    75 |       |       |       |       |       |       ||   107
         Steam dragon scal |       |       |    35 |   152 |   362 |   462 |   185 |   222 |   353 ||  1771
  Dodge: Dodged            |     5 |     7 |    54 |    61 |   115 |   159 |    44 |    51 |    71 ||   567
  Block: Other             |       |       |    13 |    37 |    59 |    24 |       |       |       ||   133
         Reflection        |       |       |     3 |     8 |    11 |    14 |       |       |       ||    36
         Buckler           |       |       |       |       |       |   108 |    18 |    76 |    60 ||   262
         Kite shield       |       |       |       |       |       |       |    65 |       |    61 ||   126

Table legend: (Time is in decaauts)
 A = Elapsed time spent in this place.
 B = Non-inter-level travel time spent in this place.
 C = Inter-level travel time spent in this place.
 D = Time resting spent in this place.
 E = Time spent auto-exploring this place.
 F = Levels seen in this place.
 G = Mean time per level.
                   A        B        C        D        E       F      G
               +--------+--------+--------+--------+--------+-----+--------+
         Total |  81449 |  73488 |   7961 |  18410 |  35715 |  51 | 1597.0 |
       Dungeon |  25641 |  22173 |   3468 |   5071 |  11724 |  15 | 1709.4 |
        Temple |     38 |     26 |     12 |      0 |      0 |   1 |   38.0 |
          Lair |  10127 |   9331 |    796 |   2657 |   4608 |   5 | 2025.4 |
         Swamp |   5894 |   5703 |    191 |   1809 |   2537 |   4 | 1473.5 |
   Spider Nest |   6465 |   6281 |    184 |   1440 |   3038 |   4 | 1616.2 |
  Orcish Mines |   3475 |   2807 |    668 |    996 |   1062 |   2 | 1737.5 |
   Elven Halls |   5496 |   5201 |    295 |   1117 |   2667 |   3 | 1832.0 |
        Vaults |   9784 |   8584 |   1200 |   1448 |   5009 |   5 | 1956.8 |
        Depths |   7604 |   6593 |   1011 |   1498 |   3533 |   4 | 1901.0 |
           Zot |   3269 |   3138 |    131 |    928 |    577 |   5 |  653.8 |
         Sewer |   1348 |   1348 |      0 |    704 |    301 |   1 | 1348.0 |
      Ice Cave |   1290 |   1290 |      0 |    493 |    463 |   1 | 1290.0 |
    Desolation |   1012 |   1012 |      0 |    248 |    191 |   1 | 1012.0 |
               +--------+--------+--------+--------+--------+-----+--------+

Top non-repeatable levels by time:
    D:13: 3737 daAuts
  Lair:2: 3722 daAuts
Vaults:1: 2806 daAuts
Depths:4: 2717 daAuts
   Elf:3: 2528 daAuts
   Orc:2: 2451 daAuts
    D:15: 2186 daAuts
  Lair:5: 2119 daAuts
 Swamp:1: 2046 daAuts
     D:1: 2043 daAuts
Vaults:4: 2029 daAuts
    D:10: 1996 daAuts
Spider:4: 1935 daAuts
     D:9: 1760 daAuts
Vaults:2: 1752 daAuts
